 Dungeon Crawl Stone Soup version 0.28.0-43-g3370ac3207 (webtiles) character file.

Game seed: 2849770483824037915

138 Peloso the Covered (level 5, 0/47 HPs)
             Began as a Minotaur Fighter on Mar 21, 2022.
             Succumbed to a scorpion's poison
             ... on level 3 of the Dungeon.
             The game lasted 00:03:02 (1782 turns).

Peloso the Covered (Minotaur Fighter)               Turns: 1782, Time: 00:03:03

Health: 0/47       AC:  9    Str: 21    XL:     5   Next: 1%
Magic:  4/4        EV:  7    Int:  5    God:
Gold:   129        SH:  5    Dex: 11    Spells: 4/4 levels left

rFire   . . .      SeeInvis .   a - +0 long sword (drain)
rCold   . . .      Faith    .   c - +0 buckler
rNeg    . . .      Spirit   .   g - +0 chain mail
rPois   .          Reflect  .   (helmet restricted)
rElec   .          Harm     .   (no cloak)
rCorr   .          Rampage  .   (no gloves)
Will    .....                   (no boots)
Stlth   ..........              (no amulet)
HPRegen 0.15/turn               (no ring)
MPRegen 0.09/turn               (no ring)

@: lethally poisoned (0 -> -3), flying, hasted, very quick
A: horns 2, retaliatory headbutt
a: no special abilities


You were on level 3 of the Dungeon.
You visited 1 branch of the dungeon, and saw 3 of its levels.

You collected 129 gold pieces.

Inventory:

Hand Weapons
 a - a +0 long sword of draining (weapon)
Armour
 b - a +0 scale mail
 c - a +0 buckler (worn)
 g - a +0 chain mail (worn)
Wands
 j - a wand of iceblast (11)
Potions
 d - a potion of might
 e - a potion of haste


   Skills:
 + Level 4.4 Fighting
 + Level 4.1 Long Blades
 + Level 4.5 Armour
 + Level 0.6 Dodging
 + Level 0.2 Stealth
 + Level 4.4 Shields


You had 4 spell levels left.
You didn't know any spells.
Your spell library contained the following spells:

 Spells                   Type           Power      Damage    Failure   Level
 Apportation              Tloc           0%         N/A       99%         1
 Alistair's Intoxication  Tmut/Pois      0%         N/A       100%        5


Dungeon Overview and Level Annotations

Branches:
Dungeon (3/15)

Altars:


Innate Abilities, Weirdness & Mutations

You have a pair of horns on your head.
You reflexively headbutt those who attack you in melee.


Message History

You headbutt the scorpion, but do no damage.
The scorpion is moderately wounded.
You feel very sick. The scorpion barely misses you. You furiously retaliate!
You headbutt the scorpion.
It was a potion of haste.
You feel yourself speed up.
* * * LOW HITPOINT WARNING * * *
You feel very sick. The scorpion closely misses you.
* * * LOW HITPOINT WARNING * * *
You feel sick.
* * * LOW HITPOINT WARNING * * *
You feel sick.
It was a potion of curing.
You feel better.
You closely miss the scorpion.
The scorpion is heavily wounded.
The scorpion stings you.
* * * LOW HITPOINT WARNING * * *
You are poisoned.
The scorpion poisons you! The scorpion stings you.
* * * LOW HITPOINT WARNING * * *
You hit the scorpion. You drain the scorpion.
You kill the scorpion!
* * * LOW HITPOINT WARNING * * *
You feel sick.
Your Long Blades skill increases to level 4!
You have reached level 5!
It was a potion of flight.
You feel very buoyant.
You fly up into the air.
* * * LOW HITPOINT WARNING * * *
You feel sick.
Found 7 gold pieces.
* * * LOW HITPOINT WARNING * * *
You feel sick.
* * * LOW HITPOINT WARNING * * *
You feel sick.
* * * LOW HITPOINT WARNING * * *
You feel sick.
You die...

...................#
......##.##........#
.......#..#(...<.).#
#...†.)........#
..##....#........#
.......#..#........#
.##..........#######
#.#........#
#.#.......@#
#..........#
###........#
#$.......#
#.........
..##..####. .. ...
....


There were no monsters in sight!

Vanquished Creatures
  A scorpion (D:3)
  An adder (D:2)
  A worm (D:2)
  3 dart slugs (D:2)
  4 bats
  4 endoplasms (D:2)
  5 giant cockroaches
  6 goblins
  5 hobgoblins
  6 jackals (D:1)
  3 quokkas (D:1)
  6 ball pythons
  2 frilled lizards
  3 kobolds
  2 rats (D:1)
52 creatures vanquished.

Vanquished Creatures (others)
  A ball python (D:2)
1 creature vanquished.

Grand Total: 53 creatures vanquished

Notes
Turn   | Place    | Note
-------+----------+-------------------------------------------
     0 | D:1      | Peloso the Minotaur Fighter began the quest for the Orb.
     0 | D:1      | Reached XP level 1. HP: 19/19 MP: 0/0
   114 | D:1      | Reached XP level 2. HP: 27/27 MP: 1/1
   609 | D:1      | Found a faded altar of an unknown god.
   652 | D:1      | Reached XP level 3. HP: 33/33 MP: 2/2
  1512 | D:2      | Reached XP level 4. HP: 40/40 MP: 3/3
  1759 | D:3      | Noticed a scorpion
  1775 | D:3      | Killed a scorpion
  1776 | D:3      | Reached XP level 5. HP: 5/47 MP: 4/4
  1777 | D:3      | HP: 2/47 [poisoned by a scorpion]
  1782 | D:3      | Succumbed to a scorpion's poison

Illustrated notes

Levels and vault maps discovered:
D:1:      minmay_arrival_doors, layout_basic, basic_ecumenical_altar,
          serial_corexii_hall, corexii_hall_statues_s, corexii_hall_statues_l,
          st_stairs_1, hex_tiny
D:2:      layout_loops_corners
D:3:      minmay_chambers_of_threes, layout_rooms,
          lemuel_zombie_altar_yredelemnul, minitemple, elyvilon_altar_5,
          kennysheep_big_empty_room

Skill      XL: |  1  2  3  4 |
---------------+-------------+-----
Fighting       | 4 |  4.4
Armour         | 4 |  4.5
Shields        | 4 |  4.4
Long Blades    | 3 4 |  4.1
Dodging        | |  0.6
Stealth        | |  0.2

Action                   |  1- 3 |  4- 6 || total
-------------------------+-------+-------++-------
Melee: Long sword        |    83 |    12 ||    95
       Headbutt          |     8 |     2 ||    10
  Use: Potion            |       |     3 ||     3
       Scroll            |       |     2 ||     2
Armor: Scale mail        |    26 |       ||    26
       Chain mail        |    14 |     1 ||    15
Dodge: Dodged            |    40 |     3 ||    43
Block: Buckler           |    29 |       ||    29
